 Dungeon Crawl Stone Soup version 0.26.0-16-gc1dbca0489 (webtiles) character file.

Game seed: 14078884881866875636

105 iamoutofideas the Firebug (level 4, -9/30 HPs)
             Began as a Demonspawn Fire Elementalist on Jan 20, 2021.
             Mangled by a gnoll
             ... wielding a +0 halberd
              (14 damage)
             ... on level 3 of the Dungeon.
             The game lasted 00:04:48 (2787 turns).

iamoutofideas the Firebug (DsFE)                    Turns: 2787, Time: 00:04:51

Health: -9/30      AC:  4    Str:  8    XL:     4   Next: 54%
Magic:  9/17       EV:  6    Int: 17    God:
Gold:   188        SH:  0    Dex: 14    Spells: 5/9 levels left

rFire    . . .     SeeInvis .   m - +0 short sword
rCold    . . .     Faith    .   (no shield)
rNeg     + . .     Spirit   .   a - +0 robe
rPois    .         Reflect  .   c - +1 helmet
rElec    .         Harm     .   (no cloak)
rCorr    .         Rampage  .   (no gloves)
Will     .....                  (no boots)
Stlth    ++........             (no amulet)
HPRegen  0.10/turn              i - ring of magical power
MPRegen  0.15/turn              k - ring of positive energy

@: held
A: large bone plates 1, demonic guardian 1
a: no special abilities


You were on level 3 of the Dungeon.
You visited 1 branch of the dungeon, and saw 3 of its levels.

You collected 188 gold pieces.

Inventory:

Hand Weapons
 m - a +0 short sword (weapon)
Armour
 a - a +0 robe (worn)
 c - a +1 helmet (worn)
Jewellery
 i - a ring of magical power (left hand)
 k - a ring of positive energy (right hand)
Wands
 b - a wand of enslavement (5)
 n - a wand of flame (22)
Scrolls
 d - a scroll of enchant armour {unknown}
 f - a scroll of enchant weapon {unknown}
 j - a scroll of teleportation {unknown}
 l - a scroll of remove curse
 o - a scroll of fog {unknown}
Potions
 e - 2 potions of curing
 g - a potion of flight
 p - a potion of lignification {unknown}


   Skills:
 - Level 2.0 Dodging
 - Level 1.9 Stealth
 * Level 3.0 Spellcasting
 + Level 2.1 Conjurations
 + Level 3.6 Fire Magic


You had 5 spell levels left.
You knew the following spells:

 Your Spells              Type           Power        Failure   Level
a - Foxfire               Conj/Fire      48%          5%          1
b - Conjure Flame         Conj/Fire      12%          16%         3

Your spell library contained the following spells:

 Spells                   Type           Power        Failure   Level
 Inner Flame              Hex/Fire       8%           26%         3
 Sticky Flame             Conj/Fire      12%          47%         4
 Fireball                 Conj/Fire      6%           83%         5


Dungeon Overview and Level Annotations

Branches:
Dungeon (3/15)

Altars:


Innate Abilities, Weirdness & Mutations

You are partially covered in large bone plates. (SH +4)
A weak demonic guardian rushes to your aid.


Message History

The gnoll hits you from afar with a +0 halberd!
* * * LOW HITPOINT WARNING * * *
The gnoll closely misses you.
It was a potion of cancellation.
You feel magically purged.
Your quasit bites the gnoll but does no damage.
Your quasit claws the gnoll.
Your quasit claws the gnoll but does no damage.
The gnoll hits you from afar with a +0 halberd.
* * * LOW HITPOINT WARNING * * *
The gnoll barely misses you. The gnoll closely misses you.
Your quasit barely misses the gnoll.
Your quasit closely misses the gnoll.
Your quasit claws the gnoll.
As you read the scroll labelled WOFAD SUMENT, it crumbles to dust.
You feel blessed for a moment.
It was a scroll of remove curse.
Your quasit bites the gnoll but does no damage.
Your quasit claws the gnoll.
Your quasit completely misses the gnoll.
The gnoll hits your quasit with a +0 spear.
The gnoll hits you from afar with a +0 halberd!
You die...

#....#
#######.# #..
#....# #.# #..
###### #.# #..
#.# #.. #.#
#.. #.# #..
#.# #.. #.#
### #@#
.......g.#
.....g5g...
.............
.......†..$..#
.........#####
#######.## #.#


You could see 3 gnolls and a friendly quasit (summoned).

Vanquished Creatures
  2 adders
  A gnoll (D:3)
  2 oozes
  A worm (D:2)
  5 leopard geckos
  4 orcs (D:3)
  A giant cockroach (D:3)
  6 hobgoblins
  3 jackals (D:2)
  A quokka (D:2)
  8 bats
  3 frilled lizards
  5 goblins
  10 kobolds
  5 rats
57 creatures vanquished.

Vanquished Creatures (others)
  157 foxfires
157 creatures vanquished.

Grand Total: 214 creatures vanquished

Notes
Turn   | Place    | Note
-------+----------+-------------------------------------------
     0 | D:1      | iamoutofideas the Demonspawn Fire Elementalist began the
                  | quest for the Orb.
     0 | D:1      | Reached XP level 1. HP: 13/13 MP: 3/3
   490 | D:1      | Gained mutation: You are partially covered in large bone
                  | plates. (SH +4) [demonic ancestry]
   490 | D:1      | Reached XP level 2. HP: 16/19 MP: 1/5
  1147 | D:2      | Reached XP level 3. HP: 24/24 MP: 2/6
  1571 | D:2      | Learned a level 3 spell: Conjure Flame
  2205 | D:3      | Gained mutation: A weak demonic guardian rushes to your
                  | aid. [demonic ancestry]
  2205 | D:3      | Reached XP level 4. HP: 20/30 MP: 8/8
  2783 | D:3      | HP: 1/30 [gnoll/+0 halberd (13)]
  2787 | D:3      | Mangled by a gnoll

Illustrated notes

Levels and vault maps discovered:
D:1:      dpeg_arrival_renting, layout_basic
D:2:      layout_basic, nrook_loot_triangle
D:3:      layout_basic

Skill      XL: |  1  2  3  4 |
---------------+-------------+-----
Fire Magic     | 3 |  3.6
Dodging        | 2 |  2.0
Conjurations   | 2 |  2.1
Spellcasting   | 3 |  3.0
Stealth        | |  1.9

Action                   |  1- 3 |  4- 6 || total
-------------------------+-------+-------++-------
Melee: Unarmed           |    11 |       ||    11
       Short sword       |    23 |     3 ||    26
 Cast: Foxfire           |    75 |    43 ||   118
  Use: Scroll            |     3 |     1 ||     4
       Potion            |       |     3 ||     3
Armor: Robe              |    17 |     4 ||    21
Dodge: Dodged            |    43 |    13 ||    56
Block: Other             |    12 |     2 ||    14
